cohdb
Replays
Latest Replays
All Replays
Popular Replays
Top Player Replays
Match Explorer
How It Works
Community
CoH3 Stats
Reddit
Sign in to upload your games and track your stats! →
Sign in with Steam
Match 45356407
Unlisted
Match 45356407
Overview
Messages
Build Orders
End
Construct Section Command Post
Royal Engineer Section
Selects Air and Sea Battlegroup
Infantry Section
Infantry Section
Infantry Section
Selects Supply Surplus
Construct Field Infirmary
Forward Retreat Point
Selects UNKNOWN (223837)
Construct Platoon Command Post
Construct Company Command Post
Construct Resource Cache
Matilda II Heavy Tank
Unlock Towed 17-pounder Anti-tank Guns
17-pounder Anti-tank Gun Team
Matilda II Heavy Tank
Selects Naval Bombardment
Naval Bombardment
Matilda II Heavy Tank
17-pounder Anti-tank Gun Team
Naval Bombardment
Armored Vehicle Training
Svenious Jakobus (GB)
natynate
Sulq
Phenomen
[14e]tuveuxdugateaux
Carecup
Czoppo.
water
0
0
Comments
sign in to comment!
No comments posted yet!